 Dungeon Crawl Stone Soup version 0.30-a0-629-gd54f4be4f7 (webtiles) character file.

Game seed: 16937283980629285783

1591 hikkokomori the Fighter (level 9, -18/75 HPs)
             Began as a Formicid Fighter on Jan 13, 2023.
             Killed from afar by Maggie (29 damage)
             ... with a bolt of fire
             ... on level 6 of the Dungeon.
             The game lasted 00:06:54 (4461 turns).

hikkokomori the Fighter (Formicid Fighter)          Turns: 4461, Time: 00:06:54

Health: -18/75     AC:  5    Str: 32      XL:     9   Next: 15%
Magic:  9/9        EV: 10    Int:  8      God:
Gold:   297        SH:  6    Dex: 24 (27) Spells: 8/8 levels left

rFire   . . .      SeeInvis +    a - +1 war axe
rCold   x . .      Faith    .    c - +0 buckler
rNeg    . . .      Spirit   .    u - +0 leather armour of Death Resistance {rF- Str+7 Dex+8 Stlth-}
rPois   .          Reflect  .    (helmet unavailable)
rElec   .          Harm     .    A - +0 cloak
rCorr   .          Rampage  .    o - +0 pair of gloves
Will    .....                    (no boots)
Stlth   +                        s - amulet of regeneration
HPRegen 1.12/turn                j - ring of fire
MPRegen 0.11/turn                y - +6 ring of dexterity

@: mighty, mesmerised
A: permanent stasis, dig shafts and tunnels, antennae 3, four strong arms
a: Dig, Shaft Self


You were on level 6 of the Dungeon.
You visited 1 branch of the dungeon, and saw 6 of its levels.

You collected 297 gold pieces.

Inventory:

Hand Weapons
 a - a +1 war axe (weapon)
Missiles
 l - a throwing net
Armour
 c - a +0 buckler (worn)
 m - a +4 ring mail
 o - a +0 pair of gloves (worn)
 u - the +0 leather armour of Death Resistance (worn) {rF- Str+7 Dex+8 Stlth-}
   (You found it on level 3 of the Dungeon)

   Str:       It affects your strength (+7).
   Dex:       It affects your dexterity (+8).
   rF:        It makes you vulnerable to fire.
   Stlth:     It makes you less stealthy.
 A - a +0 cloak (worn)
Jewellery
 j - a ring of fire (left hand)
 s - an amulet of regeneration (around neck)
 w - a +4 ring of protection
 y - a +6 ring of dexterity (right hand)
 E - an amulet of faith
 I - a ring of fire
Wands
 v - a wand of flame (15)
 z - a wand of digging (5)
 J - a wand of acid (11)
Scrolls
 i - a scroll of immolation
 k - 2 scrolls of teleportation
 n - 2 scrolls of magic mapping
 q - a scroll of enchant weapon
 B - 3 scrolls of blinking
 C - 2 scrolls of identify {unknown}
 H - a scroll of fog
Potions
 b - a potion of cancellation {unknown}
 d - 4 potions of might
 e - a potion of ambrosia {unknown}
 f - 2 potions of berserk rage
 g - 3 potions of curing {unknown}
 h - 3 potions of heal wounds
 p - a potion of flight {unknown}
 r - 2 potions of degeneration {unknown}
 t - a potion of haste {unknown}
 x - 2 potions of mutation {unknown}
 D - 2 potions of brilliance {unknown}


   Skills:
 + Level 8.8 Fighting
 + Level 7.6 Axes
 - Level 4.0 Armour
 - Level 4.9 Shields


You had 8 spell levels left.
You didn't know any spells.
Your spell library contained the following spells:

 Spells                   Type           Power      Damage    Failure   Level
 Scorch                   Fire           0%         2d5       65%         2
 Summon Guardian Golem    Hex/Summ       0%         N/A       86%         3
 Flame Wave               Conj/Fire      0%         2d4       99%         4
 Conjure Ball Lightning   Conj/Air       0%         3x3d6     100%        6
 Summon Cactus Giant      Summ           0%         N/A       100%        6
 Orb of Destruction       Conj           0%         9d5       100%        7
 Spellforged Servitor     Conj/Summ      0%         N/A       100%        7
 Discord                  Hex            0%         N/A       100%        8
 Disjunction              Tloc           0%         N/A       100%        8


Dungeon Overview and Level Annotations

Branches:
Dungeon (6/15)
 Temple: D:4-7

Altars:
Elyvilon
Fedhas
Gozag
Makhleb
Qazlal
Vehumet
Yredelemnul

Annotations:
D:4 1 runed translucent door, hikkokomori's ghost, novice FoFi
D:5 3 runed translucent doors, ragingrage's ghost, novice HOAr
D:6 Maggie


Innate Abilities, Weirdness & Mutations

You cannot be hasted, slowed, berserked, paralysed or teleported.
You can dig through walls and to a lower floor.
You have a pair of large antennae on your head. (SInv)
Your four strong arms can wield two-handed weapons with a shield.


Message History

The ice beast hits you but does no damage.
Maggie points at you and mumbles some strange words.
The bolt of fire hits you!
* * * LOW HITPOINT WARNING * * *
You block the ice beast's attack.
You hit the ice beast.
The ice beast is severely wounded.
The ice beast hits you but does no damage.
Unknown command.
You feel very mighty all of a sudden.
The ice beast hits you but does no damage.
You hit the ice beast but do no damage.
The ice beast is severely wounded.
You hit Maggie. The ice beast barely misses you. Maggie barely misses you.
You slice the ice beast!!
You kill the ice beast!
You closely miss Maggie.
Maggie gestures wildly while chanting.
Maggie draws you further into her thrall.
You feel your dexterity returning.
You closely miss Maggie.
Maggie is lightly wounded.
Maggie hits you with a +0 scimitar!
* * * LOW HITPOINT WARNING * * *
You completely miss Maggie.
Maggie is lightly wounded.
You block Maggie's attack.
You closely miss Maggie.
Maggie is lightly wounded.
Maggie barely misses you.
You slash Maggie!
Maggie is moderately wounded.
Maggie hits you with a +0 scimitar!
* * * LOW HITPOINT WARNING * * *
You block Maggie's attack.
You slice Maggie!!
Maggie is heavily wounded.
Maggie points at you and mumbles some strange words.
The bolt of fire hits you!!
You die...

##... #.#.## .....# #....# #....
#....######### ....###
#............# ##. ## #....#
####.#######.# ...###. ....# #.#
#.# ##......#####..# #.#######.##
... .....#...@######.#.........
####^####..#....@......#.#..#####
#.......#.....#..####### #..#####
#.......#.###....... #.......
#......)#........### #.######
#..._..†..#####.## #.#
#......)#.# #.# #.# #.......#.#
#.# #.# #.......#.## #.# #.#
#########..# #.# #.#


You could see Maggie (mesmerising).

Vanquished Creatures
  Grinder (D:6)
  Sigmund (D:3)
  Eustachio (D:6)
  A steam dragon (D:6)
  2 ice beasts (D:6)
  The ghost of acebull12 the Poker, an amateur DsFi (D:3)
  4 quasits (D:3)
  3 jellies
  An orc priest (D:6)
  Crazy Yiuf (D:3)
  2 hounds
  Jessica (D:3)
  4 iguanas
  Robin (D:3)
  8 adders
  A shadow imp (D:6)
  2 worms (D:2)
  2 dart slugs (D:2)
  8 orcs
  5 ball pythons
  10 endoplasms
  6 giant cockroaches
  14 goblins
  18 hobgoblins
  2 jackals (D:3)
  4 quokkas
  6 bats
  4 frilled lizards
  9 kobolds
  7 rats
130 creatures vanquished.

Vanquished Creatures (others)
  A shadow imp (D:6)
  A goblin (D:3)
  A kobold (D:3)
3 creatures vanquished.

Grand Total: 133 creatures vanquished

Notes
Turn   | Place    | Note
-------+----------+-------------------------------------------
     0 | D:1      | hikkokomori the Formicid Fighter began the quest for the
                  | Orb.
     0 | D:1      | Reached XP level 1. HP: 18/18 MP: 1/1
    52 | D:1      | Found a faded altar of an unknown god.
    62 | D:1      | Reached XP level 2. HP: 24/24 MP: 2/2
   392 | D:1      | Reached XP level 3. HP: 29/29 MP: 3/3
   850 | D:2      | Reached XP level 4. HP: 37/37 MP: 4/4
   872 | D:2      | Reached skill level 4 in Fighting
  1335 | D:2      | Reached XP level 5. HP: 37/42 MP: 5/5
  1487 | D:3      | Noticed Jessica
  1499 | D:3      | Killed Jessica
  1549 | D:3      | Found a runed translucent door.
  1550 | D:3      | Noticed Crazy Yiuf
  1619 | D:3      | Noticed Robin
  1652 | D:3      | Killed Robin
  1785 | D:3      | Identified the +0 leather armour of Death Resistance {rF-
                  | Str+7 Dex+8 Stlth-}
  1857 | D:3      | Found a white marble altar of Elyvilon.
  1879 | D:3      | Noticed Sigmund
  1893 | D:3      | Killed Sigmund
  1894 | D:3      | Reached skill level 5 in Fighting
  1894 | D:3      | Reached XP level 6. HP: 41/51 MP: 6/6
  2065 | D:3      | Found a blossoming altar of Fedhas.
  2229 | D:3      | Found a transporter.
  2234 | D:3      | Noticed acebull12's ghost (amateur DsFi)
  2239 | D:3      | Found a transporter.
  2253 | D:3      | Reached XP level 7. HP: 49/57 MP: 7/7
  2269 | D:3      | Killed acebull12's ghost
  2270 | D:3      | Reached skill level 6 in Fighting
  2270 | D:3      | Reached skill level 5 in Axes
  2524 | D:3      | Killed Crazy Yiuf
  2754 | D:4      | Found a runed translucent door.
  2754 | D:4      | Noticed hikkokomori's ghost (novice FoFi)
  2999 | D:4      | Found a stormy altar of Qazlal.
  3156 | D:5      | Entered Level 5 of the Dungeon
  3202 | D:5      | Found a basalt altar of Yredelemnul.
  3246 | D:5      | Reached XP level 8. HP: 49/65 MP: 8/8
  3346 | D:5      | Found a radiant altar of Vehumet.
  3442 | D:5      | Reached skill level 7 in Fighting
  3718 | D:5      | Noticed ragingrage's ghost (novice HOAr)
  3719 | D:5      | Found a runed translucent gate.
  3719 | D:5      | Found a runed translucent gate.
  3721 | D:5      | Found a runed translucent gate.
  3933 | D:6      | Noticed Eustachio
  3989 | D:6      | Killed Eustachio
  4065 | D:6      | Noticed Grinder
  4074 | D:6      | Killed Grinder
  4075 | D:6      | Reached skill level 8 in Fighting
  4192 | D:6      | Found a burning altar of Makhleb.
  4303 | D:6      | Reached XP level 9. HP: 15/75 MP: 9/9
  4403 | D:6      | Found an opulent altar of Gozag.
  4446 | D:6      | Noticed Maggie
  4461 | D:6      | Killed from afar by Maggie

Illustrated notes

Levels and vault maps discovered:
D:1:      dpeg_arrival_arbitrary_c, layout_basic, basic_ecumenical_altar
D:2:      layout_basic, minmay_split_cup_large
D:3:      layout_basic, lemuel_round_altar, elyvilon_altar_4,
          gammafunk_ghost_stat_death, hangedman_abyss_or_decor_lesser_grid,
          minivault_27, saegor_snake_ambush, uniq_crazy_yiuf_cottage,
          uniq_robin, uniq_sigmund, uniq_jessica
D:4:      minmay_chambers_of_fours, layout_rooms, marbit_many_paths,
          hellmonk_ghost_happy_afterlife
D:5:      layout_loops_ring, mainiacjoe_overflow_boulevard,
          nicolae_overflow_crystal_walls, gammafunk_ghost_nasty_kobolds,
          kennysheep_decorative_pillar
D:6:      layout_loops_ring, mainiacjoe_overflow_concentric_impassable,
          lemuel_tele_altar, uniq_grinder, uniq_eustachio, uniq_maggie

Skill      XL: |  1  2  3  4  5  6  7  8 |
---------------+-------------------------+-----
Fighting       | 4 5 6 8 |  8.8
Armour         | 4 |  4.0
Axes           | 4 5 7 |  7.6
Shields        | |  4.9

Action                   |  1- 3 |  4- 6 |  7- 9 || total
-------------------------+-------+-------+-------++-------
Melee: War axe           |    96 |   131 |   177 ||   404
  Use: Potion            |       |     1 |     2 ||     3
       Scroll            |       |       |    12 ||    12
Armor: Scale mail        |    43 |    33 |       ||    76
       Leather armour    |       |    41 |    79 ||   120
Dodge: Dodged            |    46 |    70 |   115 ||   231
Block: Buckler           |    22 |    45 |    78 ||   145

Table legend: (Time is in decaauts)
 A = Elapsed time spent in this place.
 B = Non-inter-level travel time spent in this place.
 C = Inter-level travel time spent in this place.
 D = Time resting spent in this place.
 E = Time spent auto-exploring this place.
 F = Levels seen in this place.
 G = Mean time per level.
                   A        B        C        D        E       F      G
               +--------+--------+--------+--------+--------+-----+--------+
         Total |   4610 |   4527 |     83 |     38 |   3409 |   6 |  768.3 |
       Dungeon |   4610 |   4527 |     83 |     38 |   3409 |   6 |  768.3 |
               +--------+--------+--------+--------+--------+-----+--------+

Top non-repeatable levels by time:
     D:3: 1177 daAuts
     D:2: 947 daAuts
     D:5: 814 daAuts
     D:1: 584 daAuts
     D:4: 577 daAuts
     D:6: 509 daAuts
